 Dungeon Crawl Stone Soup version 0.29-a0-297-g7659ce593d (webtiles) character file.

Game seed: 957889581719453543

4081 kae the Arsonist (level 10, -7/60 HPs)
             Began as a Tengu Fire Elementalist on Mar 20, 2022.
             Was a Believer of Vehumet.
             Engulfed by a cloud of flame (14 damage)
             ... on level 9 of the Dungeon.
             The game lasted 00:12:08 (10361 turns).

kae the Arsonist (Tengu Fire Elementalist)         Turns: 10361, Time: 00:12:09

Health: -7/60      AC:  4    Str:  4    XL:     10   Next: 25%
Magic:  13/19      EV: 29    Int: 27    God:    Vehumet [**....]
Gold:   628        SH:  9    Dex: 17    Spells: 7/20 levels left

rFire   . . .      SeeInvis .   p - +2 falchion (holy)
rCold   . . .      Faith    .   n - +3 buckler
rNeg    . . .      Spirit   .   a - +0 robe
rPois   +          Reflect  .   (helmet restricted)
rElec   .          Harm     .   h - +1 cloak {rCorr}
rCorr   +          Rampage  .   (no gloves)
Will    .....                   (boots unavailable)
Stlth   +++.......              c - amulet "Riplymul" {Acrobat rPois Regen+ Str-5 Int+8}
HPRegen 1.00/turn               x - +4 ring of slaying
MPRegen 0.16/turn               (no ring)

@: acrobatic, flying quickly and evasively, quick
A: beak, talons 3, nimble flight, thin skeletal structure 1, no potion heal 1,
noise suppression
a: Renounce Religion


You were on level 9 of the Dungeon.
You worshipped Vehumet.
Vehumet was pleased with you.
You visited 2 branches of the dungeon, and saw 10 of its levels.
You also visited: Sewer.

You collected 628 gold pieces.

Inventory:

Hand Weapons
 i - a +1 vorpal spear
 p - a +2 falchion of holy wrath (weapon)
Armour
 a - a +0 robe (worn)
 h - a +1 cloak of preservation (worn)
 n - a +3 buckler (worn)
Jewellery
 c - the amulet "Riplymul" (around neck) {Acrobat rPois Regen+ Str-5 Int+8}
   (You acquired it on level 3 of the Dungeon)

   [amulet of the acrobat]

   It increases your evasion while moving and waiting.
   Str:       It affects your strength (-5).
   Int:       It affects your intelligence (+8).
   rPois:     It protects you from poison.
   Regen:     It increases your rate of health regeneration.
 x - a +4 ring of slaying (left hand)
Wands
 r - a wand of polymorph (3)
 t - a wand of flame (23)
 v - a wand of iceblast (8)
Scrolls
 e - 2 scrolls of teleportation
 f - 2 scrolls of fear
 o - 3 scrolls of enchant weapon
 u - 2 scrolls of identify
 w - a scroll of fog
Potions
 b - 3 potions of magic
 d - 3 potions of brilliance
 g - a potion of attraction
 j - a potion of resistance
 k - 7 potions of curing
 l - 2 potions of invisibility {unknown}
 m - 5 potions of heal wounds {unknown}
 q - a potion of lignification {unknown}
 s - a potion of haste


   Skills:
 + Level 5.9 Fighting
 - Level 2.1 Dodging
 - Level 2.0 Stealth
 - Level 5.0 Shields
 + Level 5.9 Spellcasting
 + Level 8.1 Conjurations
 * Level 10.0 Fire Magic


You had 7 spell levels left.
You knew the following spells:

 Your Spells              Type           Power      Damage    Failure   Level
a - Foxfire               Conj/Fire      100%       2x1d9     1%          1
b - Scorch                Fire           100%       2d10      1%          2
c - Conjure Flame         Conj/Fire      54%        6-21      1%          3
d - Inner Flame           Hex/Fire       34%        N/A       3%          3
e - Flame Wave            Conj/Fire      54%        2d11      1%          4

Your spell library contained the following spells:

 Spells                   Type           Power      Damage    Failure   Level
 Static Discharge         Conj/Air       29%        N/A       2%          2
 Magic Dart               Conj           100%       1d8       1%          1
 Animate Skeleton         Necr           14%        N/A       9%          1
 Pain                     Necr           28%        1d5       9%          1
 Mephitic Cloud           Conj/Pois/Air  22%        N/A       9%          3
 Call Imp                 Summ           7%         N/A       13%         2
 Ensorcelled Hibernation  Hex/Ice        14%        N/A       13%         2
 Confusing Touch          Hex            7%         N/A       26%         3
 Spider Form              Tmut/Pois      7%         N/A       26%         3
 Vampiric Draining        Necr           7%         2d6       26%         3
 Anguish                  Hex/Necr       3%         N/A       63%         4
 Petrify                  Tmut/Erth      7%         N/A       63%         4
 Metabolic Englaciation   Hex/Ice        3%         N/A       93%         5
 Yara's Violent Unravell  Hex/Tmut       3%         3d4       93%         5
 Statue Form              Tmut/Erth      4%         N/A       100%        6
 Enfeeble                 Hex            3%         N/A       100%        7


Dungeon Overview and Level Annotations

Branches:
Dungeon (9/15)             Temple (1/1) D:6           Sewer (visited)
   Lair: D:8-11         Orc: D:9-12

Altars:
Ashenzari
Cheibriados
Dithmenos
Elyvilon
Fedhas
Gozag
Hepliaklqana
Kikubaaqudgha
Makhleb
Nemelex Xobeh
Okawaru
Qazlal
Ru
Sif Muna
Trog
Uskayaw
Vehumet
Wu Jian
Xom
Yredelemnul
Zin
The Shining One

Annotations:
D:8 exclusions: two-headed ogre, ugly thing and wight, Psyche


Innate Abilities, Weirdness & Mutations

You have a beak for a mouth.
You have claws for feet.
Your magical nature lets you fly swiftly and evasively.
You have a somewhat thin skeletal structure. (Dex +2, Stealth+)
Potions are less effective at restoring your health.
You passively dampen the noise of your surroundings.


Message History

There is a stone staircase leading down here.
You fly downwards.
There is a stone staircase leading up here.
A hornet comes into view.
The hornet buzzes angrily.
Casting: Scorch (safe; 1% risk of failure)
Confirm with . or Enter, or press ? or * to list all spells.
Aiming: Inner Flame (dangerous; 3% risk of failure)
Press: ? - help, Dir - move target, f - hornet
Aim: a hornet (chance to affect: 81%)
The hornet is filled with an inner flame.
Casting: Inner Flame (dangerous; 3% risk of failure)
Confirm with . or Enter, or press ? or * to list all spells.
You conjure some foxfire!
The foxfire hits the hornet.
Flame seeps out of the hornet.
The hornet is lightly wounded.
The hornet is engulfed in blazing flames.
Flame seeps out of the hornet.
The foxfire hits the hornet.
Flame seeps out of the hornet.
The hornet is moderately wounded.
Casting: Foxfire (safe; 1% risk of failure)
Confirm with . or Enter, or press ? or * to list all spells.
Flames lash the hornet.
Flame seeps out of the hornet.
The hornet is heavily wounded.
The hornet's fire resistance burns away.
The hornet is engulfed in blazing flames.
Flame seeps out of the hornet.
The hornet closely misses you. The hornet completely misses you.
Casting: Scorch (safe; 1% risk of failure)
Confirm with . or Enter, or press ? or * to list all spells.
Flames lash the hornet.
The hornet is burned terribly!
Vehumet accepts your kill.
You feel your power returning.
The hornet explodes!
The fiery explosion engulfs you!!
You are engulfed in blazing flames.
Ouch! That really hurt!
* * * LOW HITPOINT WARNING * * *
Your Fire Magic skill increases to level 10!
You are engulfed in blazing flames.
You die...

############.
#............
#<...........
#............
#....§§§.....
#....§.§.....
#....@######
#.....+
#######


There were no monsters in sight!

Vanquished Creatures
  A two-headed ogre (D:8)
  Maggie (D:7)
  A hornet (D:9)
  A water moccasin (D:8)
  2 orc warriors (D:8)
  An ice beast (D:8)
  3 sky beasts
  3 ogres
  A centaur (D:8)
  A phantom (D:6)
  2 kobold brigands
  3 necrophages
  A gnoll sergeant (D:8)
  4 bullfrogs
  5 wights (D:8)
  4 killer bees
  A howler monkey (D:8)
  2 jellies
  A hound (D:3)
  A gnoll shaman (D:8)
  7 orc priests
  3 iguanas
  A hell rat (Sewer)
  7 orc wizards
  3 gnolls (D:3)
  4 adders
  3 river rats (Sewer)
  A shadow imp (D:7)
  An ufetubus (D:5)
  A worm (D:4)
  47 orcs
  2 bats (D:2)
  4 endoplasms
  10 giant cockroaches
  9 goblins
  5 hobgoblins
  7 jackals
  12 kobolds
  9 quokkas
  2 ball pythons
  2 frilled lizards
  4 rats
183 creatures vanquished.

Vanquished Creatures (collateral kills)
  A dart slug (D:2)
1 creature vanquished.

Vanquished Creatures (others)
  482 foxfires
482 creatures vanquished.

Grand Total: 666 creatures vanquished

Notes
Turn   | Place    | Note
-------+----------+-------------------------------------------
     0 | D:1      | kae the Tengu Fire Elementalist began the quest for the
                  | Orb.
     0 | D:1      | Reached XP level 1. HP: 10/10 MP: 4/4
   520 | D:1      | Reached XP level 2. HP: 10/16 MP: 1/6
   635 | D:1      | Found a faded altar of an unknown god.
  1779 | D:2      | Reached XP level 3. HP: 20/20 MP: 7/7
  1782 | D:2      | Learned a level 2 spell: Scorch
  1786 | D:2      | Learned a level 3 spell: Conjure Flame
  1857 | D:2      | Reached skill level 1 in Fighting
  2116 | D:3      | Reached skill level 4 in Fire Magic
  2245 | D:3      | Gained mutation: You have a somewhat thin skeletal
                  | structure. (Dex +2, Stealth+) [potion of mutation]
  2245 | D:3      | Gained mutation: You passively dampen the noise of your
                  | surroundings. [potion of mutation]
  2245 | D:3      | Gained mutation: Potions are less effective at restoring
                  | your health. [potion of mutation]
  2246 | D:3      | Identified a scroll of acquirement
  2246 | D:3      | Acquired the amulet "Riplymul" {Acrobat rPois Regen+ Str-5
                  | Int+8}
  2441 | D:3      | Reached XP level 4. HP: 24/25 MP: 3/8
  2577 | D:3      | Found a glowing drain.
  2645 | Sewer    | Entered a sewer
  2768 | Sewer    | Gained mutation: Your magical nature lets you fly swiftly
                  | and evasively. [Tengu growth]
  2768 | Sewer    | Reached XP level 5. HP: 30/30 MP: 7/10
  3336 | D:3      | Identified the +2 leather armour of Honour {Dex+3 SInv}
  3390 | D:3      | Reached skill level 5 in Fire Magic
  4076 | D:4      | Reached XP level 6. HP: 35/35 MP: 5/11
  4157 | D:4      | Found the +6 shillelagh "Devastator" {shatter}
  4278 | D:4      | Reached skill level 1 in Shields
  4433 | D:5      | Entered Level 5 of the Dungeon
  4470 | D:5      | Learned a level 3 spell: Inner Flame
  4766 | D:5      | Reached XP level 7. HP: 40/40 MP: 4/13
  5208 | D:5      | Found a white marble altar of Elyvilon.
  5575 | D:5      | Reached skill level 6 in Fire Magic
  5856 | D:6      | Found a staircase to the Ecumenical Temple.
  5878 | Temple   | Entered the Ecumenical Temple
  5969 | Temple   | Became a worshipper of Vehumet
  6077 | D:6      | Reached XP level 8. HP: 46/46 MP: 7/14
  6286 | D:6      | Reached skill level 5 in Conjurations
  6570 | D:6      | Reached * piety under Vehumet
  6570 | D:6      | Offered knowledge of Shock by Vehumet.
  6971 | D:7      | Reached skill level 7 in Fire Magic
  7111 | D:7      | Noticed Maggie
  7617 | D:7      | Killed Maggie
  7618 | D:7      | Reached XP level 9. HP: 52/52 MP: 7/16
  7981 | D:7      | Learned a level 4 spell: Flame Wave
  7996 | D:8      | Reached skill level 5 in Shields
  8607 | D:8      | Reached skill level 8 in Fire Magic
  8814 | D:8      | Noticed a two-headed ogre
  8898 | D:8      | Reached ** piety under Vehumet
  8932 | D:8      | Offered knowledge of Searing Ray by Vehumet.
  8976 | D:8      | Noticed a two-headed ogre
  9358 | D:8      | Reached skill level 5 in Spellcasting
  9377 | D:8      | Reached skill level 5 in Fighting
  9440 | D:8      | Noticed a cyan ugly thing
  9468 | D:8      | Killed a two-headed ogre
  9469 | D:8      | Reached skill level 9 in Fire Magic
  9599 | D:8      | Reached XP level 10. HP: 51/59 MP: 10/19
  9839 | D:8      | Noticed Psyche
 10112 | D:8      | Offered knowledge of Static Discharge by Vehumet.
 10361 | D:9      | Reached skill level 10 in Fire Magic
 10361 | D:9      | Engulfed by a cloud of flame

Illustrated notes

Levels and vault maps discovered:
D:1:      shiori_arrival_elements, layout_loops_ring,
          chequers_ecumenical_altar_grove
D:2:      layout_rooms
D:3:      layout_basic, gup_sewer_entry_pipe
D:4:      layout_rooms
D:5:      minmay_spotlight, layout_cave_pods, kennysheep_mini
D:6:      layout_rooms, temple_doors_e, nicolae_fountain_basement
D:7:      layout_loops_cross, uniq_maggie
D:8:      hangedman_cross_veins, layout_basic, special_room [special_room_orc],
          minmay_starry_boxes, uniq_psyche
D:9:      lemuel_insect_pit, layout_irregular_city,
          kennysheep_orc_monster_closet_entryway, grunt_ministairs_11
Temple:   compressed_dpeg_circular_temple

Skill      XL: |  1  2  3  4  5  6  7  8  9 10 |
---------------+-------------------------------+-----
Conjurations   | 2 3 4 5 7 8 |  8.1
Fighting       | 1 2 3 4 5 |  5.9
Fire Magic     | 4 5 6 7 9 10 | 10.0
Spellcasting   | 3 4 5 |  5.9
Shields        | 1 3 4 5 |  5.0
Dodging        | |  2.1
Stealth        | |  2.0

Action                   |  1- 3 |  4- 6 |  7- 9 | 10-12 || total
-------------------------+-------+-------+-------+-------++-------
Melee: Unarmed           |    12 |       |       |       ||    12
       Kick              |     5 |       |       |       ||     5
       Peck              |     2 |       |       |       ||     2
       Spear             |     4 |       |       |       ||     4
       Falchion          |       |       |       |     1 ||     1
 Cast: Foxfire           |    77 |    76 |   139 |    10 ||   302
       Scorch            |     2 |    17 |    60 |    16 ||    95
       Inner Flame       |       |     3 |    10 |     6 ||    19
       Conjure Flame     |       |       |     8 |     1 ||     9
  Use: Scroll            |     4 |     7 |     6 |       ||    17
       Potion            |     3 |       |       |       ||     3
 Stab: Sleeping          |     1 |       |       |     1 ||     2
Armor: Robe              |    14 |     4 |     3 |     4 ||    25
Dodge: Dodged            |    36 |    12 |    28 |    12 ||    88
Block: Buckler           |       |       |    16 |     7 ||    23

Table legend: (Time is in decaauts)
 A = Elapsed time spent in this place.
 B = Non-inter-level travel time spent in this place.
 C = Inter-level travel time spent in this place.
 D = Time resting spent in this place.
 E = Time spent auto-exploring this place.
 F = Levels seen in this place.
 G = Mean time per level.
                   A        B        C        D        E       F      G
               +--------+--------+--------+--------+--------+-----+--------+
         Total |   9967 |   9506 |    461 |   1451 |   6466 |  11 |  906.1 |
       Dungeon |   9565 |   9129 |    436 |   1329 |   6317 |   9 | 1062.8 |
        Temple |     92 |     68 |     24 |      0 |     48 |   1 |   92.0 |
         Sewer |    309 |    309 |      0 |    122 |    100 |   1 |  309.0 |
               +--------+--------+--------+--------+--------+-----+--------+

Top non-repeatable levels by time:
     D:8: 1955 daAuts
     D:1: 1524 daAuts
     D:7: 1403 daAuts
     D:5: 1311 daAuts
     D:3: 1139 daAuts
     D:6: 851 daAuts
     D:2: 805 daAuts
     D:4: 559 daAuts
   Sewer: 309 daAuts
  Temple: 92 daAuts
     D:9: 14 daAuts
